 Dungeon Crawl Stone Soup version 0.31-a0-875-g02e7d12df6 (webtiles) character file.

Game seed: 6021539439463240099

639 lessens the Chopper (level 7, 0/52 HPs)
             Began as a Demonspawn Fighter on Oct 12, 2023.
             Frozen to death by an endoplasm (2 damage)
             ... on level 4 of the Dungeon.
             The game lasted 00:03:32 (2846 turns).

lessens the Chopper (Demonspawn Fighter)            Turns: 2846, Time: 00:03:33

Health: 0/52       AC: 12    Str: 19    XL:     7   Next: 25%
Magic:  7/7        EV:  9    Int:  9    God:
Gold:   231        SH:  8    Dex: 12    Spells: 6/6 levels left

rFire   . . .        a - +0 war axe
rCold   . . .        c - +0 buckler
rNeg    . . .        b - +0 scale mail
rPois   .            (helmet unavailable)
rElec   .            (no cloak)
rCorr   .            (no gloves)
SInv    +            (no boots)
Will    .....        (no amulet) Stlth
                     (no ring)
HPRegen 0.28/turn    (no ring)
MPRegen 0.10/turn

%: no passive effects
@: sanguine armoured
A: antennae 3, sanguine armour 1, condensation shield
a: no special abilities


You were on level 4 of the Dungeon.
You visited 1 branch of the dungeon, and saw 4 of its levels.

You collected 231 gold pieces.

Inventory:

Hand Weapons
 a - a +0 war axe (weapon)
Missiles
 i - 39 stones (quivered)
 l - 10 poisoned darts
 r - 5 boomerangs
Armour
 b - a +0 scale mail (worn)
 c - a +0 buckler (worn)
 p - a +0 cloak
Scrolls
 e - 3 scrolls of teleportation {unknown}
 f - a scroll of fog {unknown}
 g - 2 scrolls of vulnerability {unknown}
 j - a scroll of torment {unknown}
 k - a scroll of immolation {unknown}
 m - 2 scrolls of enchant weapon {unknown}
 s - a scroll of silence {unknown}
Potions
 d - 2 potions of degeneration {unknown}
 h - a potion of haste
 n - a potion of berserk rage {unknown}
 o - 2 potions of curing {unknown}
 q - a potion of magic {unknown}


   Skills:
 - Level 3.0 Fighting
 + Level 7.4 Axes
 - Level 2.6 Armour
 - Level 2.6 Shields


You had 6 spell levels left.
You didn't know any spells.
Your spell library was empty.

Dungeon Overview and Level Annotations

Branches:
Dungeon (4/15) Zot: 21105
 Temple: D:4-7

Altars:
Gozag
Wu Jian

Annotations:
D:3 Grinder


Innate Abilities, Weirdness & Mutations

You have a pair of large antennae on your head. (SInv)
When seriously injured, your blood forms armour. (AC +6)
A meltable shield of frost defends you. (SH +4)


Message History

Grinder says, "DUCK!"
Grinder gestures at you. Pain shoots through your body!
* * * LOW HITPOINT WARNING * * *
You hit Grinder.
Grinder is almost dead.
Grinder gestures at you.
You suddenly lose the ability to move!
Grinder hits you but does no damage. Grinder gestures at you.
You shrug off the repeated paralysis!
Grinder gestures at you. Pain shoots through your body!
* * * LOW HITPOINT WARNING * * *
Grinder hits you but does no damage.
You can move again.
Unknown command.
Unknown command.
Unknown command.
Unknown command.
You hit Grinder.
Grinder is almost dead.
Grinder hits you but does no damage.
You closely miss Grinder.
Grinder is almost dead.
Grinder blinks!
Grinder gestures at you. You resist with significant effort.
You climb downwards.
The endoplasm hits you but does no damage.
There is a stone staircase leading up here.
An endoplasm is nearby!
You hit the endoplasm.
The endoplasm is almost dead.
The endoplasm freezes you.
You are frozen.
* * * LOW HITPOINT WARNING * * *
The endoplasm freezes you.
You are frozen.
You die...

#.## ....... #..#
#........ ##.##
#..>..... .#..# #$.....#
....###########......#
.....................###
####.####.#####.........
..>..................#
.####..##.†####.@....#
## ##..##..###..J)..#
#..##...##..####
#..###†...## #..# ..###
#.. #.# { ..{ .. { { ...
#.# ... #.#


You could see an endoplasm.

Vanquished Creatures
  Sigmund (D:2)
  A black bear (D:4)
  A scorpion (D:4)
  A jelly (D:4)
  2 hounds (D:4)
  An orc priest (D:4)
  3 iguanas (D:4)
  An orc wizard (D:4)
  3 adders
  2 dart slugs (D:1)
  6 orcs
  5 endoplasms (D:1)
  6 giant cockroaches
  A goblin (D:1)
  5 hobgoblins
  3 quokkas
  8 ball pythons
  5 bats
  A frilled lizard (D:2)
  4 kobolds
60 creatures vanquished.

Notes
Turn   | Place    | Note
-------+----------+-------------------------------------------
     0 | D:1      | lessens the Demonspawn Fighter began the quest for the Orb.
     0 | D:1      | Reached XP level 1. HP: 18/18 MP: 1/1
    29 | D:1      | Reached skill level 2 in Axes
   190 | D:1      | Gained mutation: You have a pair of small antennae on your
                  | head. [demonic ancestry]
   190 | D:1      | Reached XP level 2. HP: 24/24 MP: 2/2
   609 | D:1      | Reached skill level 3 in Axes
   802 | D:1      | Reached XP level 3. HP: 29/29 MP: 3/3
  1053 | D:2      | Noticed Sigmund
  1070 | D:2      | Killed Sigmund
  1071 | D:2      | Reached skill level 5 in Axes
  1071 | D:2      | Gained mutation: When seriously injured, your blood forms
                  | armour. (AC +6) [demonic ancestry]
  1071 | D:2      | Reached XP level 4. HP: 19/35 MP: 4/4
  1071 | D:2      | Gained mutation: You have a pair of antennae on your head.
                  | [demonic ancestry]
  1071 | D:2      | Reached XP level 5. HP: 23/41 MP: 5/5
  1901 | D:3      | Found an opulent altar of Gozag.
  2026 | D:3      | Found a faded altar of an unknown god.
  2206 | D:4      | Noticed Grinder
  2225 | D:4      | Gained mutation: You have a pair of large antennae on your
                  | head. (SInv) [demonic ancestry]
  2225 | D:4      | Reached XP level 6. HP: 19/47 MP: 6/6
  2397 | D:4      | Found an ornate altar of the Wu Jian Council.
  2495 | D:4      | Reached skill level 6 in Axes
  2795 | D:4      | Reached skill level 7 in Axes
  2795 | D:4      | Gained mutation: A meltable shield of frost defends you.
                  | (SH +4) [demonic ancestry]
  2795 | D:4      | Reached XP level 7. HP: 44/52 MP: 7/7
  2819 | D:4      | Paralysed by Grinder for 3 turns
  2827 | D:3      | Paralysed by Grinder for 5 turns
  2837 | D:3      | Paralysed by Grinder for 5 turns
  2846 | D:4      | HP: 2/52 [frozen (5)]
  2846 | D:4      | Frozen to death by an endoplasm

Illustrated notes

Levels and vault maps discovered:
D:1:      wander_arrival_lonely_grave, layout_loops_corners,
          minmay_misc_feat_chi
D:2:      layout_rooms, uniq_sigmund
D:3:      layout_rooms, nicolae_gozag_seed_capital,
          shapermc_ecumenical_altar_mp_ritualfount, hangedman_decor_riveting,
          serial_park_tiny_2, minmay_misc_feat_encased
D:4:      layout_rooms, general_overflow_altar, chequers_serial_rivers_micro_a,
          kennysheep_generic_room_13, uniq_grinder

Skill      XL: |  1  2  3  4  5  6 |
---------------+-------------------+-----
Axes           | 2 3 5 7 |  7.4
Fighting       | |  3.0
Armour         | |  2.6
Shields        | |  2.6

Action                     |  1- 3 |  4- 6 |  7- 9 || total
---------------------------+-------+-------+-------++-------
  Melee: War axe           |    72 |   126 |    24 ||   222
  Throw: Stone             |       |     5 |       ||     5
    Use: Potion            |     3 |       |       ||     3
 Armour: Scale mail        |    56 |    93 |    23 ||   172
  Dodge: Dodged            |    28 |    54 |     7 ||    89
  Block: Buckler           |    21 |    26 |    12 ||    59

Table legend: (Time is in decaauts)
 A = Elapsed time spent in this place.
 B = Non-inter-level travel time spent in this place.
 C = Inter-level travel time spent in this place.
 D = Time resting spent in this place.
 E = Time spent auto-exploring this place.
 F = Levels seen in this place.
 G = Mean time per level.
                   A        B        C        D        E       F      G
               +--------+--------+--------+--------+--------+-----+--------+
         Total |   2893 |   2779 |    114 |    211 |   2019 |   4 |  723.2 |
       Dungeon |   2893 |   2779 |    114 |    211 |   2019 |   4 |  723.2 |
               +--------+--------+--------+--------+--------+-----+--------+

Top non-repeatable levels by time:
     D:1: 978 daAuts
     D:3: 743 daAuts
     D:2: 637 daAuts
     D:4: 534 daAuts

Levels and vault maps discovered:
D:1:      wander_arrival_lonely_grave, layout_loops_corners,
          minmay_misc_feat_chi
D:2:      layout_rooms, uniq_sigmund
D:3:      layout_rooms, nicolae_gozag_seed_capital,
          shapermc_ecumenical_altar_mp_ritualfount, hangedman_decor_riveting,
          serial_park_tiny_2, minmay_misc_feat_encased
D:4:      layout_rooms, general_overflow_altar, chequers_serial_rivers_micro_a,
          kennysheep_generic_room_13, uniq_grinder
